Map: Luces y sombras EE

Players

leshrac

  • Race: Terran Terran
  • League: Master
  • Spawn Location: 5:00

llllllllllll - Winner!

  • Race: Protoss Protoss
  • League: Master
  • Spawn Location: 11:00

VOD

Have the link to the VOD?

Description

Time

  • Played on: Dec. 17, 2020, 2:08 p.m.
  • Length: 8:31
Show
View Real Time Build Order
Export as new Build Order

leshrac Terran 

Build Orders: Reaper Expand 

Get SALT Encoding   

  12  0:00  SCV  
  13  0:13  SCV  
  14  0:17  Supply Depot  
  14  0:25  SCV  
  15  0:38  SCV  
  16  0:42  Barracks  
  16  0:45  Refinery  
  16  0:50  SCV  
  17  1:03  SCV  
  18  1:15  SCV  
  19  1:29  Orbital Command  
  19  1:30  Reaper  
  20  1:39  Command Center  
  20  1:49  Supply Depot  
  20  1:55  SCV  
  21  2:02  Marine  
  21  2:06  Factory  
  22  2:09  SCV  
  23  2:21  SCV, Bunker, Refinery  
  24  2:27  Barracks Reactor  
  24  2:33  SCV  
  25  2:45  SCV  
  25  2:55  Starport  
  25  2:57  SCV  
  27  2:59  Orbital Command  
  26  3:05  Marine x2  
  26  3:09  SCV  
  29  3:13  Widow Mine  
  31  3:20  Supply Depot  
  31  3:21  SCV  
  31  3:23  Marine x2  
  31  3:25  SCV  
  35  3:34  SCV  
  39  3:37  SCV, Medivac  
  39  3:38  Widow Mine  
  39  3:40  Refinery  
  41  3:46  Engineering Bay, SCV  
  42  3:49  SCV  
  42  3:50  Marine x2  
  45  3:58  SCV  
  45  3:59  Widow Mine  
  45  4:01  SCV  
  49  4:06  Supply Depot  
  49  4:10  SCV  
  49  4:12  Starport Tech Lab  
  49  4:13  SCV, Marine  
  47  4:27  SCV x2  
  41  4:38  Marine x2  
  42  4:39  Raven, SCV x2  
  42  4:41  Widow Mine  
  44  4:51  SCV x2  
  46  4:55  Marine  
  46  4:56  Marine  
  48  5:03  SCV x2  
  47  5:13  Marine  
  39  5:15  SCV x2  
  39  5:20  Widow Mine  
  37  5:27  SCV  
  37  5:28  SCV  
  36  5:33  Marine x2  
  33  5:40  SCV x2  
  34  5:48  Viking  
  38  5:50  Widow Mine, Marine  
  38  5:51  Marine  
  38  5:52  SCV x2  
  40  6:04  SCV x2  
  41  6:08  Marine  
  41  6:10  Marine  
  44  6:16  SCV  
  45  6:18  Viking  
  47  6:26  Marine  
  47  6:31  Widow Mine  
  48  6:37  SCV x2  
  30  6:49  SCV x2  
  27  7:01  SCV x2  
  27  7:13  SCV x2  
  22  7:22  Orbital Command  
  21  7:25  SCV  
  22  7:37  SCV  
  22  7:38  Marine, Liberator  
  22  7:39  Marine  
  28  7:49  SCV  
  28  7:50  SCV  
  28  8:01  SCV  
  28  8:02  SCV  
  30  8:06  Marine x2  
  32  8:13  SCV  
  32  8:15  SCV  
Show
View Real Time Build Order
Export as new Build Order

llllllllllll Protoss - Winner!

Build Orders:  

Get SALT Encoding   

  12  0:00  Probe  
  13  0:12  Probe  
  14  0:21  Pylon  
  14  0:24  Probe  
  15  0:39  Probe  
  16  0:44  Gateway  
  16  0:51  Probe  
  16  0:53  Assimilator  
  17  1:03  Probe  
  18  1:15  Probe  
  19  1:27  Probe  
  19  1:31  Cybernetics Core  
  20  1:36  Pylon  
  21  1:40  Probe  
  21  1:53  Probe, Nexus  
  22  1:59  Warp Gate (Chrono Boost)  
  22  2:07  Adept  
  24  2:22  Robotics Facility  
  24  2:26  Gateway  
  24  2:33  Gateway  
  23  2:49  Gateway  
  23  2:53  Adept  
  25  3:06  Warp Prism (Chrono Boost)  
  27  3:16  Pylon  
  27  3:34  Shield Battery  
  27  3:44  Stalker x2  
  27  3:46  Stalker  
  33  3:54  Stalker  
  35  4:13  Adept x3  
  29  4:38  Stalker  
  29  4:39  Adept  
  29  4:40  Zealot x2  
  37  5:02  Adept x2  
  37  5:03  Zealot x2  
  37  5:34  Adept x4  
  35  6:01  Adept x2  
  35  6:02  Zealot x2  
  41  6:24  Stalker  
  43  6:28  Zealot x3  
  31  6:55  Zealot x2, Stalker x2  
  31  7:00  Warp Prism (Chrono Boost)  
  33  7:02  Adept, Zealot  
  29  7:25  Zealot x3  
  29  7:26  Zealot  
  37  7:46  Stalker  
  37  7:47  Stalker  
  41  7:55  Stalker  
  41  7:56  Zealot  
  45  8:18  Adept x2  
  45  8:19  Zealot  
  47  8:20  Zealot  
Tags
 
Add a new tag
Caveats
  • Supply blocks, unpowered buildings, or Contaminate may cause inaccurate times.
  • Supply counts are checked every 10 seconds.